 Dungeon Crawl Stone Soup version 0.31-a0-1405-g2bb1a01664 (webtiles) character file.

Game seed: 10176316505563591698

71 randomguy2701 the Grasshopper (level 4, -2/34 HPs)
             Began as a Gnoll Wanderer on Dec 25, 2023.
             Killed themself with a badly aimed concussive blast (19 damage)
             ... on level 3 of the Dungeon.
             The game lasted 00:03:55 (2443 turns).

randomguy2701 the Grasshopper (Gnoll Wanderer)      Turns: 2443, Time: 00:03:57

Health: -2/34      AC:  2    Str: 13    XL:     4   Next: 24%
Magic:  14/20      EV: 16    Int: 14    God:
Gold:   127        SH:  0    Dex:  9    Spells: 9/13 levels left

rFire   . . .        a - +0 short sword
rCold   . . .        (no shield)
rNeg    . . .        e - +0 robe
rPois   .            (no helmet)
rElec   .            (no cloak)
rCorr   .            (no gloves)
SInv    .            (no boots)
Will    .....        (no amulet)
Stlth   +            n - ring of magical power
HPRegen 0.25/turn    p - +5 ring of evasion
MPRegen 0.17/turn

%: no passive effects
@: very slightly contaminated, very slow
A: fangs 1, strong nose, distributed training
a: no special abilities


You were on level 3 of the Dungeon.
You visited 1 branch of the dungeon, and saw 3 of its levels.

You collected 127 gold pieces.

Inventory:

Hand Weapons
 a - a +0 short sword (weapon)
 c - a +0 dagger
Missiles
 b - 14 poisoned darts (quivered)
Armour
 e - a +0 robe (worn)
Jewellery
 n - a ring of magical power (left hand)
 p - a +5 ring of evasion (right hand)
 u - a ring of resist corrosion
Scrolls
 f - 2 scrolls of immolation {unknown}
 i - 2 scrolls of identify {unknown}
 j - 2 scrolls of poison {unknown}
 l - a scroll of fog {unknown}
 m - 4 scrolls of teleportation {unknown}
 o - a scroll of blinking {unknown}
 q - a scroll of enchant weapon {unknown}
 r - a scroll of revelation {unknown}
 s - a scroll of brand weapon {unknown}
 t - 2 scrolls of enchant armour {unknown}
Potions
 d - a potion of curing
 g - a potion of magic {unknown}
 h - a potion of enlightenment {unknown}
 k - 2 potions of cancellation {unknown}


   Skills:
 + Level 2.7 Fighting
 + Level 2.7 Short Blades
 + Level 1.1 Long Blades
 + Level 1.1 Axes
 + Level 1.1 Maces & Flails
 + Level 1.1 Polearms
 + Level 1.1 Staves
 + Level 1.1 Ranged Weapons
 + Level 2.7 Throwing
 + Level 1.1 Armour
 + Level 1.1 Dodging
 + Level 2.5 Stealth
 + Level 1.1 Shields
 + Level 1.1 Unarmed Combat
 + Level 5.1 Spellcasting
 + Level 0.9 Conjurations
 + Level 0.9 Hexes
 + Level 0.9 Summonings
 + Level 0.9 Necromancy
 + Level 7.1 Translocations
 + Level 0.9 Fire Magic
 + Level 0.9 Ice Magic
 + Level 0.9 Air Magic
 + Level 0.9 Earth Magic
 + Level 0.9 Alchemy
 + Level 1.2 Invocations
 + Level 1.1 Evocations
 + Level 1.0 Shapeshifting


You had 9 spell levels left.
You knew the following spells:

 Your Spells              Type           Power      Damage    Failure   Level
a - Apportation           Tloc           46%        N/A       1%          1
b - Volatile Blastmotes   Fire/Tloc      28%        2d12      10%         3

Your spell library contained the following spells:

 Spells                   Type           Power      Damage    Failure   Level
 Iskenderun's Mystic Bla  Conj/Tloc      14%        2d5       32%         4
 Vhi's Electric Charge    Tloc/Air       28%        N/A       32%         4
 Animate Dead             Necr           6%         N/A       75%         4
 Freezing Cloud           Conj/Ice/Air   3%         6-21      97%         5
 Plasma Beam              Fire/Air       3%         2x1d13    100%        6


Dungeon Overview and Level Annotations

Branches:
Dungeon (3/15)

Altars:


Innate Abilities, Weirdness & Mutations

You have very sharp teeth.
Your uncanny sense of smell can sniff out nearby items.
Your experience applies equally to all skills.


Message History

The worm splashes around in the water.
The giant cockroach splashes around in the water.
Your unstable footing causes you to fumble your attack.
The giant cockroach bites you but does no damage.
You hit the worm.
The worm is moderately wounded.
The worm misses you. The giant cockroach misses you.
You hit the worm but do no damage.
The worm is moderately wounded.
The giant cockroach barely misses you.
Your unstable footing causes you to fumble your attack.
The worm splashes around in the water.
The giant cockroach closely misses you.
You hit the worm but do no damage. You bite the worm.
The worm is moderately wounded.
The giant cockroach splashes around in the water.
Your unstable footing causes you to fumble your attack.
The worm bites you!
The giant cockroach bites you but does no damage.
You are too injured to fight recklessly!
You are too injured to fight recklessly!
You are too injured to fight recklessly!
You are too injured to fight recklessly!
Casting: Volatile Blastmotes (quite dangerous; 10% risk of failure)
Confirm with . or Enter, or press ? or * to list all spells.
You miscast Volatile Blastmotes.
You are very lightly contaminated with residual magic.
Nothing appears to happen.
The giant cockroach misses you.
Casting: Volatile Blastmotes (quite dangerous; 10% risk of failure)
Confirm with . or Enter, or press ? or * to list all spells.
A cloud of volatile blastmotes flares up around you!
Run!
The giant cockroach splashes around in the water.
The worm misses you.
The cloud of blastmotes explodes!
The concussive blast engulfs the giant cockroach!
You kill the giant cockroach!
The concussive blast engulfs the worm!
You kill the worm!
The concussive blast engulfs you!!
Ouch! That really hurt!
You die...

#.#.........#
##.#.# ##
#.########..#
#.#.# #.#
#..# #.#.#
#.# ####
##.#.# #.#
#....# #. ##
#..### ~~
##.#
#l#####.#
#§§@~..#
#§###### #~#
##


There were no monsters in sight!

Vanquished Creatures
  An adder (D:2)
  A worm (D:3)
  3 dart slugs
  5 ball pythons (D:1)
  5 endoplasms
  5 giant cockroaches
  5 goblins
  5 hobgoblins
  3 jackals (D:3)
  4 kobolds
  2 quokkas (D:2)
  5 bats
  4 frilled lizards
  3 rats
51 creatures vanquished.

Notes
Turn   | Place    | Note
-------+----------+-------------------------------------------
     0 | D:1      | randomguy2701 the Gnoll Wanderer began the quest for the
                  | Orb.
     0 | D:1      | randomguy2701 set off with the following items: a +0 short
                  | sword, 9 poisoned darts, a +0 dagger, a potion of curing, a
                  | +0 robe; and the following spell memorised: Apportation;
                  | and the following spells available to memorise: Volatile
                  | Blastmotes, Iskenderun's Mystic Blast.
     0 | D:1      | Reached XP level 1. HP: 17/17 MP: 6/6
   145 | D:1      | Reached XP level 2. HP: 18/23 MP: 7/7
   509 | D:1      | Got the Incunable of Galvanic Skeletons
   616 | D:1      | Reached skill level 5 in Spellcasting
   616 | D:1      | Reached XP level 3. HP: 10/28 MP: 7/9
   973 | D:1      | Found a faded altar of an unknown god.
  1167 | D:2      | Reached skill level 1 in Invocations
  1229 | D:2      | Learned a level 3 spell: Volatile Blastmotes
  1563 | D:2      | Reached skill level 1 in Long Blades
  1563 | D:2      | Reached skill level 1 in Axes
  1563 | D:2      | Reached skill level 1 in Maces & Flails
  1563 | D:2      | Reached skill level 1 in Polearms
  1563 | D:2      | Reached skill level 1 in Staves
  1563 | D:2      | Reached skill level 1 in Ranged Weapons
  1563 | D:2      | Reached skill level 1 in Armour
  1563 | D:2      | Reached skill level 1 in Dodging
  1563 | D:2      | Reached skill level 1 in Shields
  1563 | D:2      | Reached skill level 1 in Unarmed Combat
  1563 | D:2      | Reached skill level 1 in Evocations
  1761 | D:2      | Reached skill level 1 in Shapeshifting
  1761 | D:2      | Reached XP level 4. HP: 34/34 MP: 11/11
  2443 | D:3      | Killed themself with a badly aimed concussive blast

Illustrated notes

Levels and vault maps discovered:
D:1:      dpeg_arrival_line_fractal, layout_basic,
          dilly_ecumenical_altar_fadedgnrine
D:2:      layout_loops_corners
D:3:      layout_loops_ring, mainiacjoe_sewer_entry_somewhere_in_here_2

Skill      XL: |  1  2  3 |
---------------+----------+-----
Spellcasting   | 5 |  5.1
Invocations    | 1 |  1.2
Long Blades    | 1 |  1.1
Axes           | 1 |  1.1
Maces & Flails | 1 |  1.1
Polearms       | 1 |  1.1
Staves         | 1 |  1.1
Ranged Weapons | 1 |  1.1
Armour         | 1 |  1.1
Dodging        | 1 |  1.1
Shields        | 1 |  1.1
Unarmed Combat | 1 |  1.1
Evocations     | 1 |  1.1
Shapeshifting  | 1 |  1.0
Fighting       | |  2.7
Short Blades   | |  2.7
Throwing       | |  2.7
Stealth        | |  2.5
Conjurations   | |  0.9
Hexes          | |  0.9
Summonings     | |  0.9
Necromancy     | |  0.9
Translocations | |  7.1
Fire Magic     | |  0.9
Ice Magic      | |  0.9
Air Magic      | |  0.9
Earth Magic    | |  0.9
Alchemy        | |  0.9

Action                     |  1- 3 |  4- 6 || total
---------------------------+-------+-------++-------
  Melee: Short sword       |   189 |    88 ||   277
         Bite              |    14 |     8 ||    22
         Punch             |     3 |     3 ||     6
   Cast: Volatile Blastmot |       |     2 ||     2
    Use: Potion            |     1 |       ||     1
   Stab: Sleeping          |     2 |     3 ||     5
 Armour: Robe              |    93 |    30 ||   123
  Dodge: Dodged            |   110 |    86 ||   196

Table legend: (Time is in decaauts)
 A = Elapsed time spent in this place.
 B = Non-inter-level travel time spent in this place.
 C = Inter-level travel time spent in this place.
 D = Time resting spent in this place.
 E = Time spent auto-exploring this place.
 F = Levels seen in this place.
 G = Mean time per level.
                   A        B        C        D        E       F      G
               +--------+--------+--------+--------+--------+-----+--------+
         Total |   2406 |   2332 |     74 |      0 |   1883 |   3 |  802.0 |
       Dungeon |   2406 |   2332 |     74 |      0 |   1883 |   3 |  802.0 |
               +--------+--------+--------+--------+--------+-----+--------+

Top non-repeatable levels by time:
     D:2: 1058 daAuts
     D:1: 1046 daAuts
     D:3: 301 daAuts
